 Dungeon Crawl Stone Soup version 0.23-a0-636-g0ff6057 (webtiles) character file.

1564 4thArraOfDagon the Skirmisher (level 8, -5/63 HPs)
             Began as a Mummy Enchanter on Dec 28, 2018.
             Was an Elder of Cheibriados.
             Shot with an arrow by a centaur (9 damage)
             ... on level 8 of the Dungeon.
             The game lasted 00:17:14 (5961 turns).

4thArraOfDagon the Skirmisher (Mummy Enchanter)     Turns: 5961, Time: 00:17:15

Health: -5/63      AC:  7    Str: 22    XL:     8   Next: 58%
Magic:  4/12       EV: 21    Int: 26    God:    Cheibriados [****..]
Gold:   237        SH:  0    Dex: 22    Spells: 6/12 levels left

rFire    x . .     SeeInvis .   f - +5 club
rCold    + . .     Gourm    .   (no shield)
rNeg     + + +     Faith    .   b - +0 robe
rPois    ∞         Spirit   .   r - +2 hat
rElec    .         Reflect  .   (no cloak)
rCorr    +         Harm     .   l - +2 pair of gloves {archery}
MR       +....                  (no boots)
Stlth    +++.......             u - amulet of magic regeneration
HPRegen  0.20/turn              g - +6 ring of evasion
MPRegen  0.38/turn              q - ring of resist corrosion

@: very slow
A: no food or potions, fire vulnerability, cold resistance 1, negative energy
resistance 3, torment resistance, unbreathing
a: Bend Time, Temporal Distortion, Slouch, Renounce Religion


You were on level 8 of the Dungeon.
You worshipped Cheibriados.
Cheibriados was greatly pleased with you.
You were not hungry.

You visited 2 branches of the dungeon, and saw 9 of its levels.

You collected 237 gold pieces.

Inventory:

Hand Weapons
 a - a +1 dagger
 f - a +5 club (weapon)
Armour
 b - a +0 robe (worn)
 c - a +0 ring mail
 h - a +1 hat
 l - a +2 pair of gloves of archery (worn)
 r - a +2 hat (worn)
Jewellery
 g - a +6 ring of evasion (left hand)
 q - a ring of resist corrosion (right hand)
 u - an amulet of magic regeneration (around neck)
Wands
 k - a wand of enslavement (7)
Scrolls
 d - 6 scrolls of identify
 e - a scroll of teleportation
 i - a scroll of noise
 j - a scroll of enchant armour
 m - 3 scrolls of remove curse
 n - 2 scrolls of immolation
 o - 2 scrolls of enchant weapon
 p - 2 scrolls of fog
 t - a scroll of magic mapping


   Skills:
 + Level 5.5 Fighting
 - Level 3.0 Short Blades
 + Level 3.8 Armour
 + Level 4.2 Dodging
 - Level 2.4 Stealth
 - Level 2.6 Spellcasting
 - Level 2.6 Hexes
 + Level 4.1 Invocations


You had 6 spell levels left.
You knew the following spells:

 Your Spells              Type           Power        Failure   Level  Hunger
a - Corona                Hex            ###....      3%          1    N/A
b - Ensorcelled Hibernat  Hex/Ice        ##....       9%          2    N/A
c - Confuse               Hex            ###.....     10%         3    N/A

Your spell library contained the following spells:

 Spells                   Type           Power        Failure   Level  Hunger
 Tukima's Dance           Hex            ###.....     10%         3    N/A
 Dazzling Spray           Conj/Hex       ##....       17%         3    N/A

Dungeon Overview and Level Annotations

Branches:
Dungeon (8/15)             Temple (1/1) D:5
   Lair: D:8-11

Altars:
Cheibriados
Gozag
Nemelex Xobeh
Qazlal
Uskayaw
Wu Jian
Xom
The Shining One

Shops:
D:5 =

Annotations:
D:5 2 transporters


Innate Abilities, Weirdness & Mutations

You do not eat or drink.
Your flesh is vulnerable to fire.
You are immune to poison.
Your flesh is cold resistant. (rC+)
You are immune to negative energy. (rN+++)
You are immune to unholy pain and torment.
You can survive without breathing.


Message History

Press: ? - help, Shift-Dir - straight line, f/p - centaur
Aim: a centaur (almost dead, confused, chance to defeat MR: 48%)
The centaur resists with some effort.
The orc misses you.
Unknown command.
You barely miss the orc.
The orc is heavily wounded.
The centaur seems less confused.
The centaur wields a +0 shortbow.
The centaur shoots an arrow.
The arrow hits you.
* * * LOW HITPOINT WARNING * * *
The orc barely misses you.
Unknown command.
Casting: Confuse (safe; 10% risk of failure)
Confirm with . or Enter, or press ? or * to list all spells.
Aiming: Confuse (safe; 10% risk of failure)
Press: ? - help, Shift-Dir - straight line, f/p - centaur
Aim: a centaur, wielding a +0 shortbow (almost dead, chance to defeat MR: 48%)
The centaur resists with some effort.
The centaur shoots an arrow.
The arrow barely misses you. The orc completely misses you.
The centaur shoots an arrow.
The arrow hits you!
You die...

...##...%.......# .
....#....#......#..
.........#........(.
......c............
............##....
#..##..............
#.....<......# ...
#..###.##)....##....
###.)@o........
#####(.......
#)........
#.........
#.........
..........
.....?...#.
.......### .....##..


You could see a centaur and an orc.

Vanquished Creatures
  A water moccasin (D:6)
  A sky beast (D:6)
  An ogre (D:6)
  3 centaurs
  3 bullfrogs (D:6)
  2 howler monkeys
  A hound (D:6)
  3 bullfrog skeletons
  2 iguanas
  3 orc wizards
  5 worker ants
  A hound zombie (D:6)
  Robin (D:2)
  12 gnolls
  8 adders
  A shadow imp (D:8)
  2 oozes (D:1)
  2 worms
  A dart slug (D:1)
  6 leopard geckos
  17 orcs
  6 giant cockroaches
  17 goblins
  12 hobgoblins
  14 jackals
  9 kobolds
  4 quokkas
  2 ball pythons
  6 bats
  10 frilled lizards
  A jackal skeleton (D:4)
  A leopard gecko zombie (D:6)
  7 rats
165 creatures vanquished.

Vanquished Creatures (collateral kills)
  A jackal (D:5)
1 creature vanquished.

Vanquished Creatures (others)
  A bullfrog (D:8)
  An orc priest (D:5)
  A hound (D:8)
3 creatures vanquished.

Grand Total: 169 creatures vanquished

Notes
Turn   | Place    | Note
-------+----------+-------------------------------------------
     0 | D:1      | 4thArraOfDagon the Mummy Enchanter began the quest for the
                  | Orb.
     0 | D:1      | Reached XP level 1. HP: 13/13 MP: 4/4
    19 | D:1      | Reached skill level 1 in Short Blades
   133 | D:3      | Reached XP level 2. HP: 19/19 MP: 0/5
   196 | D:4      | Learned a level 2 spell: Ensorcelled Hibernation
   588 | D:3      | Reached XP level 3. HP: 16/24 MP: 1/7
  1140 | D:5      | Entered Level 5 of the Dungeon
  1140 | D:5      | Found Noyxygg's Jewellery Shop.
  1182 | D:5      | Reached skill level 1 in Fighting
  1182 | D:5      | Reached XP level 4. HP: 21/33 MP: 0/8
  1287 | D:5      | Found a staircase to the Ecumenical Temple.
  1296 | Temple   | Entered the Ecumenical Temple
  1323 | Temple   | Became a worshipper of Cheibriados the Contemplative
  1373 | D:4      | Reached skill level 2 in Fighting
  1527 | D:4      | Reached XP level 5. HP: 33/40 MP: 7/9
  1644 | D:4      | Reached skill level 3 in Fighting
  1995 | D:3      | Reached skill level 1 in Invocations
  2168 | D:2      | Found an ornate altar of the Wu Jian Council.
  2171 | D:2      | Found a hide-covered altar of Uskayaw.
  2204 | D:2      | Found a shimmering altar of Xom.
  2261 | D:2      | Noticed Robin
  2289 | D:2      | Reached skill level 1 in Armour
  2317 | D:2      | Reached * piety under Cheibriados
  2337 | D:2      | Killed Robin
  2644 | D:2      | Reached XP level 6. HP: 47/47 MP: 10/10
  2651 | D:2      | Found a stormy altar of Qazlal.
  3030 | D:1      | Reached ** piety under Cheibriados
  3257 | D:1      | Learned a level 3 spell: Confuse
  3617 | D:2      | Found a sparkling altar of Nemelex Xobeh.
  3618 | D:2      | Found an opulent altar of Gozag.
  3861 | D:3      | Reached *** piety under Cheibriados
  4644 | D:5      | Found a transporter.
  4797 | D:5      | Reached XP level 7. HP: 39/53 MP: 11/11
  4821 | D:5      | Found a transporter.
  4925 | D:5      | Reached skill level 4 in Fighting
  5258 | D:6      | Reached **** piety under Cheibriados
  5302 | D:6      | Reached XP level 8. HP: 37/61 MP: 12/12
  5353 | D:6      | Reached skill level 5 in Fighting
  5961 | D:8      | Shot with an arrow by a centaur

Vault maps used:
D:1:      minmay_arrival_up_and_down
D:2:      grunt_temple_overflow_opulence, marbit_many_paths,
          gammafunk_temple_overflow_forgotten, minmay_lizard_king, uniq_robin,
          uniq_crazy_yiuf_cottage
D:3:      minmay_misc_feat_roman
D:5:      gammafunk_steamed_eel, minmay_temple_entry_junction, first_ration,
          serial_shops, shop
D:6:      grunt_ministairs_14, kennysheep_generic_room_13
D:7:      uniq_pikel
D:8:      kennysheep_mini_moat, basic_altar, hangedman_little_slice_of_home
Temple:   nicolae_temple_figure_eight

Skill      XL: |  1  2  3  4  5  6  7  8 |
---------------+-------------------------+-----
Short Blades   | 1 2 3 |  3.0
Fighting       | 1 2 3 4 5 |  5.5
Dodging        | 2 3 4 |  4.2
Invocations    | 1 2 3 4 |  4.1
Armour         | 1 2 3 |  3.8
Stealth        | |  2.4
Spellcasting   | |  2.6
Hexes          | |  2.6

Action                   |  1- 3 |  4- 6 |  7- 9 || total
-------------------------+-------+-------+-------++-------
Melee: Dagger            |   154 |   137 |       ||   291
       Club              |       |   174 |   195 ||   369
 Cast: Corona            |    21 |    12 |    34 ||    67
       Ensorcelled Hiber |     5 |     9 |       ||    14
       Confuse           |       |     2 |    10 ||    12
Evoke: Wand              |     4 |     5 |     2 ||    11
  Use: Scroll            |       |     8 |     5 ||    13
 Stab: Sleeping          |     1 |    19 |     3 ||    23
       Confused          |       |     1 |     7 ||     8
Armor: Ring mail         |    30 |       |       ||    30
       Robe              |     2 |    56 |    45 ||   103
Dodge: Dodged            |   129 |   337 |   297 ||   763

Table legend:
 A = Non-vault XP
 B = Vault XP
 C = Vault XP percentage of total XP
 D = Non-vault monster count
 E = Vault monster count
 F = Vault count percentage of total count
                 A         B        C        D         E       F
            +---------+---------+-------+---------+---------+-------
      Total |    1925 |     310 |  13.9 |     145 |      22 |  13.2
            +---------+---------+-------+---------+---------+-------
        D:1 |      63 |       0 |   0.0 |      30 |       0 |   0.0
        D:2 |      51 |      47 |  48.0 |      18 |      20 |  52.6
        D:3 |     182 |       0 |   0.0 |      33 |       0 |   0.0
        D:4 |     177 |       0 |   0.0 |      15 |       0 |   0.0
        D:5 |     365 |       0 |   0.0 |      18 |       0 |   0.0
        D:6 |     895 |     263 |  22.7 |      21 |       2 |   8.7
        D:7 |      31 |       0 |   0.0 |       3 |       0 |   0.0
        D:8 |     161 |       0 |   0.0 |       7 |       0 |   0.0
            +---------+---------+-------+---------+---------+-------
